 Dungeon Crawl Stone Soup version 0.17-a0-995-gb5fa8d7 (webtiles) character file.

1796 inmateoo the Conjurer (level 8, -3/45 HPs)
             Began as a White Draconian Conjurer on May 12, 2015.
             Was a Priest of Cheibriados (penitent).
             Slain by a killer bee (6 damage)
             ... on level 7 of the Dungeon.
             The game lasted 00:17:51 (7591 turns).

inmateoo the Conjurer (White Draconian Conjurer)    Turns: 7591, Time: 00:17:52

Health: -3/45      AC: 13    Str: 13    XL:     8   Next: 83%
Magic:  14/14      EV: 14    Int: 17    God:    Cheibriados [*]
Gold:   287        SH:  0    Dex: 12    Spells: 4 memorised, 6 levels left

rFire  . . .     SeeInvis .     c - +1 dagger (protect)
rCold  + . .     Rnd*Rage +     (armour unavailable)
rNeg   . . .     SustAb   .     (no shield)
rPois  .         Gourm    .     (helmet restricted)
rElec  .         Spirit   .     i - +1 cloak
rCorr  .         Warding  .     (no gloves)
rMut   .         Stasis   .     (no boots)
MR     .....                    (no amulet)
Stlth  ++........               (no ring)
                                l - +2 ring of strength

@: very slightly contaminated, hasted, slow, not resistant to hostile
enchantments, unstealthy
A: breathe frost, unfitting armour, berserk 1, cold resistance 1, frail 2,
cold-blooded, subdued magic 1, AC +6
a: Breathe Frost, Renounce Religion


You were on level 7 of the Dungeon.
You worshipped Cheibriados.
Cheibriados was demanding penance.
You were hungry.

You visited 2 branches of the dungeon, and saw 8 of its levels.

You collected 287 gold pieces.

Inventory:

Hand weapons
 c - a +1 dagger of protection (weapon)
 u - a +0 blowgun
Missiles
 t - 17 poisoned needles
Armour
 e - a +0 buckler
 i - a +1 cloak (worn)
Jewellery
 l - a +2 ring of strength (left hand)
 n - a cursed ring of loudness {unknown}
Magical devices
 q - a wand of random effects (29)
 r - a wand of flame (14)
 v - a wand of lightning (8)
 y - a wand of flame (13)
 z - a wand of confusion (28)
Scrolls
 j - a scroll of recharging
 k - 7 scrolls of remove curse
Potions
 f - a potion of haste
 g - 2 potions of curing
 o - a potion of cancellation
 s - a potion of brilliance
 x - 2 potions of heal wounds {unknown}
Books
 a - a book of Conjurations

   Spells                             Type                      Level
   a - Magic Dart                     Conjuration                  1
   b - Searing Ray                    Conjuration                  2
   c - Dazzling Spray                 Conjuration/Hexes            3
   d - Fulminant Prism                Conjuration/Hexes            4
   e - Iskenderun's Mystic Blast      Conjuration                  4
   f - Iskenderun's Battlesphere      Conjuration/Charms           5
Comestibles
 b - 6 bread rations
 d - a beef jerky
 h - a slice of pizza
 m - 5 fruits
 p - a meat ration


   Skills:
 + Level 4.5 Dodging
 + Level 4.9 Stealth
 + Level 4.5 Unarmed Combat
 + Level 4.5 Spellcasting
 * Level 7.7 Conjurations


You had 6 spell levels left.
You knew the following spells:

 Your Spells              Type           Power        Failure   Level  Hunger
a - Magic Dart            Conj           ###.         1%          1    None
b - Searing Ray           Conj           ###...       1%          2    ##.....
c - Dazzling Spray        Conj/Hex       ##......     5%          3    ###....
d - Iskenderun's Mystic   Conj           ###.....     4%          4    ####...


Dungeon Overview and Level Annotations

Branches:
Dungeon (7/15)             Temple (1/1) D:4

Altars:
Ashenzari
Cheibriados
Dithmenos
Fedhas
Gozag
Kikubaaqudgha
Makhleb
Nemelex Xobeh
Okawaru
Ru
Sif Muna
Trog
Vehumet
Yredelemnul
Zin
The Shining One

Shops:
D:5 }

Annotations:
D:7 esc's ghost, experienced DsMo


Innate Abilities, Weirdness & Mutations

You can breathe waves of freezing cold.
You can buffet flying creatures when you breathe cold.
Your icy white scales are hard (AC +6).
Your body does not fit into most forms of armour.
Your flesh is cold resistant.
You are cold-blooded and may be slowed by cold attacks.
You tend to lose your temper in combat.
You are very frail (-20% HP).
Your spells are a little easier to cast, but a little less powerful.


Message History

The killer bee buzzes angrily.
Unknown command.
Unknown command.
The electric eel shoots out a bolt of lightning at you!
The bolt of electricity hits you!
* * * LOW HITPOINT WARNING * * *
Things that are here:
a dagger; a robe Unknown command.
Unknown command.
Drink which item? (? for menu, Esc to quit)
You feel better.
The killer bee buzzes angrily.
The killer bee stings you!
* * * LOW HITPOINT WARNING * * *
The orc wizard gestures wildly while chanting.
The orc wizard seems to speed up.
Esc's ghost misses you.
The killer bee stings you but does no damage.
The killer bee stings you.
You die...

#...# ##>### #..#
......#P# #.##
P.≈≈≈P.. ###.##
≈≈≈≈≈P. #....##
≈.≈≈≈ ###...# #≈≈≈
##.### ##
##.#####@...#
.#...#...#yyy..###
.o.y........W...#
yy....yo.[.......#
..y.....y.....##....
.....$......### ...#
.#...#...#..# ####
##.###.##### #≈≈ ≈≈≈
###########


You could see 5 killer bees, an orc priest and esc's ghost.

Vanquished Creatures
  Duvessa (D:6)
  An ice beast (D:6)
  A sky beast (D:6)
  A centaur (D:6)
  A giant frog (D:6)
  Dowan (D:6)
  2 scorpions
  4 killer bees (D:7)
  A centaur zombie (D:7)
  A quasit (D:6)
  3 crimson imps
  A jelly (D:5)
  Crazy Yiuf (D:6)
  An iguana (D:5)
  6 orc wizards
  6 worker ants
  4 orc priests
  2 hound skeletons
  6 adders
  6 gnolls
  2 river rats (D:5)
  A shadow imp (D:6)
  2 worms (D:2)
  5 giant geckos
  14 orcs
  3 ball pythons
  A bat skeleton (D:4)
  7 giant cockroaches
  12 goblins
  18 hobgoblins
  16 jackals
  A quokka (D:7)
  A ball python skeleton (D:4)
  8 bats
  11 giant newts
  17 kobolds
  2 quokka skeletons (D:5)
  12 rats
183 creatures vanquished.

Vanquished Creatures (others)
  A sky beast (D:6)
1 creature vanquished.

Grand Total: 184 creatures vanquished

Notes
Turn   | Place    | Note
--------------------------------------------------------------
     0 | D:1      | inmateoo the Draconian Conjurer began the quest for the Orb.
     0 | D:1      | Reached XP level 1. HP: 14/14 MP: 3/3
   259 | D:2      | Reached XP level 2. HP: 2/20 MP: 0/5
   314 | D:2      | Learned a level 2 spell: Searing Ray
  1126 | D:1      | Reached XP level 3. HP: 23/26 MP: 2/6
  1245 | D:2      | Learned a level 3 spell: Dazzling Spray
  1370 | D:2      | Reached skill level 1 in Unarmed Combat
  1614 | D:2      | Reached XP level 4. HP: 33/33 MP: 2/7
  2955 | D:3      | Found a burning altar of Makhleb.
  2957 | D:3      | Found a sacrificial altar of Ru.
  2986 | D:3      | Reached skill level 5 in Conjurations
  2986 | D:3      | Reached XP level 5. HP: 33/38 MP: 3/9
  3801 | D:4      | Reached XP level 6. HP: 36/45 MP: 1/10
  4554 | D:4      | Found a staircase to the Ecumenical Temple.
  4587 | Temple   | Entered the Ecumenical Temple
  4631 | Temple   | Became a worshipper of Cheibriados the Contemplative
  4931 | D:4      | Found a bloodstained altar of Trog.
  5033 | D:5      | Entered Level 5 of the Dungeon
  5156 | D:5      | Acquired Cheibriados's first power
  5230 | D:5      | Your scales start taking on a icy white colour.
  5230 | D:5      | Gained mutation: Your flesh is cold resistant. [White Draconian growth]
  5230 | D:5      | Reached XP level 7. HP: 41/50 MP: 3/11
  5499 | D:5      | Found Tomih's Gadget Boutique.
  5520 | D:5      | Found a blossoming altar of Fedhas.
  5638 | D:5      | Reached skill level 6 in Conjurations
  5667 | D:5      | Learned a level 4 spell: Iskenderun's Mystic Blast
  6079 | D:6      | Gained mutation: Your spells are a little easier to cast, but a little less powerful. [mutagenic meat]
  6223 | D:6      | Noticed Dowan
  6227 | D:6      | Noticed Duvessa
  6233 | D:6      | Killed Duvessa
  6238 | D:6      | Killed Dowan
  6331 | D:6      | Reached XP level 8. HP: 44/57 MP: 4/13
  6602 | D:6      | Found a sparkling altar of Nemelex Xobeh.
  6727 | D:6      | Acquired Cheibriados's second power
  6755 | D:6      | Reached skill level 7 in Conjurations
  7035 | D:6      | Gained mutation: You are frail (-10% HP). [mutagenic meat]
  7036 | D:6      | Gained mutation: You tend to lose your temper in combat. [mutagenic meat]
  7037 | D:6      | Gained mutation: You are very frail (-20% HP). [mutagenic meat]
  7055 | D:6      | Noticed Crazy Yiuf
  7065 | D:6      | Killed Crazy Yiuf
  7580 | D:7      | Noticed esc's ghost (experienced DsMo)
  7584 | D:7      | Was placed under penance by Cheibriados
  7589 | D:7      | HP: 1/45 [electric eel/bolt of electricity (5)]
  7591 | D:7      | Slain by a killer bee

Vault maps used:
D:1:      minmay_arrival_glassed_features
D:3:      nicolae_overflow_hidden_temple, minmay_misc_feat_five,
          lightli_corner_chamber
D:4:      minmay_temple_entry_junction2, trog_hazing_becter
D:5:      kennysheep_mini, first_bread, serial_shops, shop, portal_sewer_entry_b
D:6:      nemelex_xobeh_ov_fountains_minmay, uniq_crazy_yiuf_cottage,
          uniq_duvessa
D:7:      wad_lake_hut, basic_altar, hangedman_decor_points, grunt_livestock
Temple:   eino_temple_water_12

Action                   |  1- 3 |  4- 6 |  7- 9 || total
-------------------------+-------+-------+-------++-------
Melee: Dagger            |    83 |   199 |   109 ||   391
       Unarmed           |     1 |       |       ||     1
 Cast: Magic Dart        |    52 |   103 |    98 ||   253
       Searing Ray       |     2 |    20 |    18 ||    40
       Dazzling Spray    |       |     1 |     3 ||     4
       Iskenderun's Myst |       |       |     1 ||     1
 Abil: Breathe Frost     |       |       |     3 ||     3
  Use: Scroll            |     3 |    10 |     5 ||    18
       Potion            |       |     3 |     3 ||     6
 Stab: Sleeping          |     1 |     3 |     1 ||     5
  Eat: Chunk             |     3 |    13 |    10 ||    26
